 Dungeon Crawl Stone Soup version 0.28.0 (webtiles) character file.

Game seed: 9213055491963417309

56 reversiblehash the Covered (level 3, -1/34 HPs)
             Began as a Minotaur Fighter on Feb 15, 2022.
             Slain by a gnoll (4 damage)
             ... on level 2 of the Dungeon.
             The game lasted 00:02:27 (1194 turns).

reversiblehash the Covered (Minotaur Fighter)       Turns: 1194, Time: 00:02:28

Health: -1/34      AC:  7    Str: 22    XL:     3   Next: 71%
Magic:  2/2        EV:  9    Int:  5    God:
Gold:   51         SH:  4    Dex:  9    Spells: 2/2 levels left

rFire   . . .      SeeInvis .   a - +0 war axe
rCold   . . .      Faith    .   c - +0 buckler
rNeg    . . .      Spirit   .   b - +0 scale mail
rPois   .          Reflect  .   (helmet restricted)
rElec   .          Harm     .   (no cloak)
rCorr   .          Rampage  .   (no gloves)
Will    .....                   (no boots)
Stlth   ..........              (no amulet)
HPRegen 0.11/turn               (no ring)
MPRegen 0.08/turn               (no ring)

@: no status effects
A: horns 2, retaliatory headbutt
a: no special abilities


You were on level 2 of the Dungeon.
You visited 1 branch of the dungeon, and saw 2 of its levels.

You collected 51 gold pieces.

Inventory:

Hand Weapons
 a - a +0 war axe (weapon)
Armour
 b - a +0 scale mail (worn)
 c - a +0 buckler (worn)
Jewellery
 h - a ring of see invisible
Scrolls
 e - a scroll of identify {unknown}
Potions
 d - a potion of might
 f - a potion of berserk rage {unknown}
 g - a potion of heal wounds {unknown}


   Skills:
 * Level 4.4 Fighting
 - Level 2.4 Axes
 * Level 4.7 Armour
 + Level 4.0 Shields


You had 2 spell levels left.
You didn't know any spells.
Your spell library was empty.

Dungeon Overview and Level Annotations

Branches:
Dungeon (2/15)

Altars:

Annotations:
D:2 Sigmund


Innate Abilities, Weirdness & Mutations

You have a pair of horns on your head.
You reflexively headbutt those who attack you in melee.


Message History

a +0 dagger; a +0 hunting sling; 4 stones
Things that are here:
a +0 whip; an adder corpse You now have 51 gold pieces (gained 16).
A gnoll comes into view. It is wielding a +0 flail.
The gnoll shouts!
You hear a shout! x3
A gnoll comes into view. It is wielding a +0 spear.
A gnoll comes into view. It is wielding a +0 club.
A gnoll comes into view. It is wielding a +0 club.
Found a stone staircase leading down.
The gnoll shouts!
You hear a bark!
The gnoll hits you with a +0 flail.
You hit the gnoll but do no damage. You hit the gnoll.
The gnoll hits you with a +0 flail. The gnoll hits you but does no damage.
You slash the gnoll!
You kill the gnoll!
You closely miss the gnoll.
A jackal comes into view.
The gnoll hits you from afar with a +0 spear.
The gnoll hits you with a +0 club.
An adder comes into view.
Sigmund the Dreaded comes into view.
He is wielding a +0 scythe.
Sigmund shouts!
The adder hisses angrily.
The jackal barks!
You block the gnoll's attack.
Sigmund mumbles some strange words.
Sigmund flickers and vanishes!
Deactivating autopickup; reactivate with Ctrl-A.
The gnoll hits you with a +0 club.
Things that are here:
a +0 flail; a gnoll corpse You hit the gnoll.
Your headbutt misses the gnoll.
The gnoll is heavily wounded.
You hit the gnoll. You slash the gnoll! The gnoll hits you with a +0 club.
* * * LOW HITPOINT WARNING * * *
You block the gnoll's attack.
A jackal comes into view.
The gnoll hits you with a +0 club.
* * * LOW HITPOINT WARNING * * *
The gnoll hits you but does no damage. x2; The gnoll hits you with a +0 club.
You die...

.............####
#.##.....#....######
..
.....#.............#
#.. .
.##...##.........##...
#..#................#
...#####..............
... #.............. .#
#####..........
......g@##.....
.####.gg.......
#h.........
#......S....
#...........
............
>...........#
..##....#...##


You could see 3 gnolls, an adder and a jackal.

Vanquished Creatures
  A gnoll (D:2)
  An adder (D:2)
  2 ball pythons (D:1)
  4 bats (D:1)
  5 endoplasms
  A giant cockroach (D:1)
  4 goblins
  3 hobgoblins
  3 jackals (D:1)
  A quokka (D:2)
  4 frilled lizards (D:1)
  3 kobolds
  3 rats (D:1)
35 creatures vanquished.

Notes
Turn   | Place    | Note
-------+----------+-------------------------------------------
     0 | D:1      | reversiblehash the Minotaur Fighter began the quest for the
                  | Orb.
     0 | D:1      | Reached XP level 1. HP: 19/19 MP: 0/0
   201 | D:1      | Reached XP level 2. HP: 27/27 MP: 1/1
   832 | D:1      | Reached XP level 3. HP: 33/33 MP: 2/2
  1193 | D:2      | Noticed Sigmund
  1194 | D:2      | Slain by a gnoll

Illustrated notes

Levels and vault maps discovered:
D:1:      dpeg_arrival_chambers_temple_mockup, layout_basic
D:2:      layout_rooms, uniq_sigmund, uniq_robin, uniq_natasha

Skill      XL: |  1  2  3 |
---------------+----------+-----
Armour         | 4 |  4.7
Fighting       | 4 |  4.4
Shields        | 4 |  4.0
Axes           | |  2.4

Action                   || total
-------------------------++-------
Melee: War axe           ||    59
       Headbutt          ||     5
Armor: Scale mail        ||    45
Dodge: Dodged            ||    28
Block: Buckler           ||    17
